 Dungeon Crawl Stone Soup version 0.28.0-53-g5a82cb258f (webtiles) character file.

Game seed: 10209788291927924581

598 szrap the Cudgeller (level 7, 0/43 HPs)
             Began as a Gargoyle Fighter on July 19, 2022.
             Splashed by a jelly's acid (4 damage)
             ... on level 6 of the Dungeon.
             The game lasted 00:10:11 (4887 turns).

szrap the Cudgeller (Gargoyle Fighter)              Turns: 4887, Time: 00:10:12

Health: 0/43       AC:  5    Str: 21    XL:     7   Next: 40%
Magic:  7/7        EV: 14    Int:  9    God:
Gold:   179        SH:  4    Dex:  9    Spells: 6/6 levels left

rFire   . . .      SeeInvis .   o - +0 whip
rCold   . . .      Faith    .   c - +0 buckler
rNeg    + . .      Spirit   .   b - +0 scale mail
rPois   ∞          Reflect  .   (no helmet)
rElec   +          Harm     .   (no cloak)
rCorr   .          Rampage  .   a - +2 pair of gloves {hurl}
Will    .....                   n - +1 pair of boots
Stlth   ..........              f - amulet of magic regeneration
HPRegen 0.14/turn               k - +4 ring of evasion
MPRegen 0.50/turn               (no ring)

@: corroded
A: sickness immunity, AC +4, negative energy resistance 1, electricity
resistance, torment resistance 1, petrification resistance
a: no special abilities


You were on level 6 of the Dungeon.
You visited 1 branch of the dungeon, and saw 6 of its levels.
You also visited: Sewer.

You collected 179 gold pieces.

Inventory:

Hand Weapons
 o - a +0 whip (weapon)
Missiles
 l - 6 javelins (quivered)
Armour
 a - a +2 pair of gloves of hurling (worn)
 b - a +0 scale mail (worn)
 c - a +0 buckler (worn)
 n - a +1 pair of boots (worn)
Jewellery
 f - an amulet of magic regeneration (around neck)
 k - a +4 ring of evasion (left hand)
Potions
 d - 3 potions of flight
 g - 3 potions of heal wounds
 i - 4 potions of curing


   Skills:
 + Level 4.2 Fighting
 * Level 6.3 Maces & Flails
 + Level 4.2 Armour
 * Level 2.1 Dodging
 + Level 3.7 Shields


You had 6 spell levels left.
You didn't know any spells.
Your spell library was empty.

Dungeon Overview and Level Annotations

Branches:
Dungeon (7/15)              Sewer (visited)
 Temple: D:4-7

Altars:

Shops:
D:2 ?


Innate Abilities, Weirdness & Mutations

You are immune to sickness and miasma.
Your stone body is resilient. (AC +4)
You are immune to poison.
You resist negative energy. (rN+)
You are resistant to electric shocks. (rElec)
You are resistant to unholy torment.
You are immune to petrification.


Message History

As you open the door, it creaks loudly!
There is an open door here.
Found a stone staircase leading up.
There is a stone staircase leading up here.
The orc warrior barely misses you.
You climb upwards.
The jelly quivers.
There is a stone staircase leading down here.
You hit the orc warrior but do no damage.
The orc warrior closely misses you.
You closely miss the orc warrior. You hit the orc warrior.
The orc warrior is lightly wounded.
The orc warrior hits you but does no damage.
You barely miss the orc warrior.
The orc warrior is lightly wounded.
The orc warrior barely misses you.
You barely miss the orc warrior.
The orc warrior is lightly wounded.
The orc warrior barely misses you.
You barely miss the orc warrior.
The orc warrior is lightly wounded.
The orc warrior closely misses you.
You hit the jelly. The acid corrodes you!
Your hands burn!
The jelly is moderately wounded.
The orc warrior hits you with a +0 scimitar.
You hit the jelly but do no damage.
Your hands burn!
The jelly is moderately wounded.
You block the jelly's attack.
You hit the jelly but do no damage. The acid corrodes you!
Your hands burn!
The jelly is moderately wounded.
The orc warrior hits you with a +0 scimitar!!
* * * LOW HITPOINT WARNING * * *
The jelly misses you.
You hit the jelly but do no damage. The acid corrodes you!
Your hands burn!
* * * LOW HITPOINT WARNING * * *
The jelly is moderately wounded.
The orc warrior misses you. You block the jelly's attack.
You hit the jelly but do no damage.
Your hands burn!
You die...

######
#....#
#.@..#
#J.o.#
......#
....#####
......
......
.....
.....


You could see an orc warrior and a jelly.

Vanquished Creatures
  Sigmund (D:2)
  A sky beast (D:4)
  A kobold brigand (Sewer)
  A hound (D:4)
  2 iguanas (D:4)
  4 gnolls (D:2)
  3 river rats (Sewer)
  2 adders
  An adder skeleton (D:4)
  4 worms
  4 dart slugs
  An orc (D:3)
  4 ball pythons
  8 endoplasms
  3 giant cockroaches
  12 goblins
  10 hobgoblins
  A jackal (Sewer)
  5 quokkas
  7 bats
  6 frilled lizards
  8 kobolds
  10 rats
99 creatures vanquished.

Notes
Turn   | Place    | Note
-------+----------+-------------------------------------------
     0 | D:1      | szrap the Gargoyle Fighter began the quest for the Orb.
     0 | D:1      | Reached XP level 1. HP: 14/14 MP: 1/1
    90 | D:1      | Found a faded altar of an unknown god.
    98 | D:1      | Reached XP level 2. HP: 19/19 MP: 2/2
   332 | D:1      | Reached XP level 3. HP: 23/23 MP: 3/3
   770 | D:1      | Reached skill level 3 in Maces & Flails
  2009 | D:2      | Reached XP level 4. HP: 28/28 MP: 4/4
  2136 | D:2      | Found Lemuth's Magic Scroll Shoppe.
  2141 | D:2      | Noticed Sigmund
  2182 | D:2      | Killed Sigmund
  2183 | D:2      | Reached skill level 4 in Maces & Flails
  2183 | D:2      | Reached skill level 1 in Dodging
  2183 | D:2      | Reached XP level 5. HP: 12/33 MP: 5/5
  2513 | D:2      | Reached XP level 6. HP: 38/38 MP: 6/6
  2521 | D:2      | Reached skill level 5 in Maces & Flails
  3221 | D:3      | Found a glowing drain.
  3230 | Sewer    | Entered a sewer
  3729 | Sewer    | Found a glowing silver altar of Zin.
  4322 | D:4      | Reached XP level 7. HP: 43/43 MP: 7/7
  4534 | D:4      | Reached skill level 6 in Maces & Flails
  4810 | D:4      | You fall into a shaft and drop 3 floors!
  4887 | D:6      | Splashed by a jelly's acid

Illustrated notes

Levels and vault maps discovered:
D:1:      minmay_arrival_stair_chambers, layout_basic,
          ebering_ecumenical_altar_petrified
D:2:      minmay_razor_zed, layout_loops_ring, serial_shops, shop, uniq_sigmund
D:3:      layout_basic, cheibrodos_sewer_entry_drain, kennysheep_generic_room_2
D:4:      minmay_recursive_quarters, layout_layer_cave
D:6:      layout_gridville, chequers_serial_rivers_small_3,
          nicolae_underground_beach, uniq_menkaure
D:7:      layout_basic, hangedman_ru_absence

Skill      XL: |  1  2  3  4  5  6  7 |
---------------+----------------------+-----
Maces & Flails | 3 4 5 6 |  6.3
Dodging        | 1 2 |  2.1
Fighting       | 4 |  4.2
Armour         | 4 |  4.2
Shields        | |  3.7

Action                   |  1- 3 |  4- 6 |  7- 9 || total
-------------------------+-------+-------+-------++-------
Melee: Flail             |   178 |    48 |       ||   226
       Whip              |       |   202 |    74 ||   276
  Use: Scroll            |       |     6 |     4 ||    10
       Potion            |       |     1 |       ||     1
Armor: Scale mail        |    81 |    88 |    15 ||   184
Dodge: Dodged            |    80 |   120 |    24 ||   224
Block: Buckler           |    39 |    34 |     8 ||    81
